 Dungeon Crawl Stone Soup version 0.23-a0-458-g93a6ea9 (webtiles) character file.

9 Amnesiac the Sneak (level 2, -3/13 HPs)
             Began as a Spriggan Enchanter on Nov 25, 2018.
             Slain by a worm (10 damage)
             ... on level 3 of the Dungeon.
             The game lasted 00:01:15 (337 turns).

Amnesiac the Sneak (Spriggan Enchanter)              Turns: 337, Time: 00:01:16

Health: -3/13      AC:  2    Str:  4    XL:     2   Next: 3%
Magic:  2/6        EV: 18    Int: 16    God:
Gold:   13         SH:  0    Dex: 16    Spells: 3/6 levels left

rFire    . . .     SeeInvis +   a - +1 dagger
rCold    . . .     Gourm    .   (shield restricted)
rNeg     . . .     Faith    .   b - +0 robe
rPois    .         Spirit   .   (helmet restricted)
rElec    .         Reflect  .   (no cloak)
rCorr    .         Harm     .   (gloves unavailable)
MR       .....                  (boots unavailable)
Stlth    +++.......             (no amulet)
HPRegen  0.04/turn              (no ring)
MPRegen  0.10/turn              (no ring)

@: very quick
A: very small, unfitting armour, see invisible, herbivore, speed 3, slow
metabolism 2
a: no special abilities


You were on level 3 of the Dungeon.
You were not hungry.

You visited 1 branch of the dungeon, and saw 4 of its levels.

You collected 13 gold pieces.

Inventory:

Hand Weapons
 a - a +1 dagger (weapon)
Armour
 b - a +0 robe (worn)
Scrolls
 f - a scroll of identify {!r, unknown}
Potions
 c - a potion of resistance {!q, unknown}
 e - a potion of haste {!q, unknown}
 g - a potion of heal wounds {!q, unknown}
Comestibles
 d - a ration


   Skills:
 + Level 1.5 Short Blades
 - Level 3.0 Dodging
 * Level 5.1 Stealth
 - Level 2.6 Spellcasting
 - Level 3.6 Hexes


You had 3 spell levels left.
You knew the following spells:

 Your Spells              Type           Power        Failure   Level  Hunger
a - Ensorcelled Hibernat  Hex/Ice        #.....       14%         2    ##.....
b - Corona                Hex            ##.....      4%          1    #......

Your spell library contained the following spells:

 Spells                   Type           Power        Failure   Level  Hunger
 Confuse                  Hex            ##......     13%         3    ###....
 Tukima's Dance           Hex            ##......     13%         3    ###....
 Dazzling Spray           Conj/Hex       #.....       28%         3    ###....


Dungeon Overview and Level Annotations

Branches:
Dungeon (4/15)
 Temple: D:4-7

Altars:
Hepliaklqana

Annotations:
D:3 exclusion: ice beast


Innate Abilities, Weirdness & Mutations

You are very small and have problems with some larger weapons.
You are too small for most types of armour.
You have supernaturally acute eyesight. (SInv)
You are a herbivore.
You cover ground extremely quickly.
You need to consume almost no food.


Message History

g - an inky potion {!q}
Found an escape hatch in the floor.
There is an escape hatch in the floor here.
You now have 13 gold pieces (gained 11).
There is an escape hatch in the floor here.
A hobgoblin comes into view. It is wielding a +0 club.
Found 8 arrows.
Found a stone staircase leading down.
The hobgoblin shouts!
There is a stone staircase leading down here.
You climb downwards.
Found 3 scrolls labeled AFY UT IPREHI and 5 tomahawks.
There is a stone staircase leading up here.
Found a hazy altar of Hepliaklqana.
There is a stone staircase leading up here.
You climb upwards.
Level annotation: exclusion: ice beast
There is a stone staircase leading down here.
Casting: Corona (safe; 4% risk of failure)
Confirm with . or Enter, or press ? or * to list all spells.
Aiming: Corona (safe; 4% risk of failure)
Press: ? - help, Shift-Dir - straight line, f - hobgoblin
Aim: a hobgoblin, wielding a +0 club (chance to defeat MR: 67%)
The hobgoblin is outlined in light.
Unknown command.
You hit the hobgoblin.
The hobgoblin is severely wounded.
The hobgoblin hits you with a +0 club.
You hit the hobgoblin.
The hobgoblin is almost dead.
The hobgoblin hits you with a +0 club.
* * * LOW HITPOINT WARNING * * *
You hit the hobgoblin.
You kill the hobgoblin!
You have reached level 2!
Memorise Ensorcelled Hibernation, consuming 2 spell levels and leaving 3?
You start memorising the spell.
You continue memorising. x2
You finish memorising.
Spell assigned to 'b'.
Adjust (i)tems, (s)pells, or (a)bilities?
Adjust which spell? b - Ensorcelled Hibernation Adjust to which letter? a - Ensorcelled Hibernation; b - Corona
There is a stone staircase leading down here.
You start resting.
Magic restored.
You start resting.
Magic restored.
You start resting.
A worm comes into view.
Casting: Corona (safe; 4% risk of failure)
Confirm with . or Enter, or press ? or * to list all spells.
Aiming: Ensorcelled Hibernation (safe; 14% risk of failure)
Press: ? - help, Shift-Dir - straight line, f - worm
Aim: a worm (hasn't noticed you, chance to defeat MR: 48%)
The worm resists with some effort.
Unknown command.
Casting: Ensorcelled Hibernation (safe; 14% risk of failure)
Confirm with . or Enter, or press ? or * to list all spells.
Aiming: Ensorcelled Hibernation (safe; 14% risk of failure)
Press: ? - help, Shift-Dir - straight line, f/p - worm
Aim: a worm (chance to defeat MR: 48%)
The worm resists with some effort.
The worm bites you!
Ouch! That really hurt!
You die...

#....# ..... #....
#.#.# #.#.#
#######.#.#
..........#
.#####.#.#######.#
#...w@>..(..#
###.#########
###........#
####...######>#
.............#.#
#####.######.#.####
#g #.#....# #.
#.####.# # #.## #(#


You could see a worm.

Vanquished Creatures
  A leopard gecko (D:1)
  3 hobgoblins
  A bat (D:1)
  3 frilled lizards
8 creatures vanquished.

Notes
Turn   | Place    | Note
-------+----------+-------------------------------------------
     0 | D:1      | Amnesiac the Spriggan Enchanter began the quest for the
                  | Orb.
     0 | D:1      | Reached XP level 1. HP: 9/9 MP: 5/5
    94 | D:3      | Noticed an ice beast
   121 | D:3      | Reached skill level 5 in Stealth
   189 | D:4      | Found a hazy altar of Hepliaklqana.
   199 | D:3      | Reached XP level 2. HP: 1/13 MP: 4/6
   203 | D:3      | Learned a level 2 spell: Ensorcelled Hibernation
   337 | D:3      | Slain by a worm

Vault maps used:
D:1:      minmay_arrival_hallway
D:2:      fedhas_altar_fruit_tree
D:3:      minmay_puff
D:4:      nicolae_overflow_crystal_walls, minitemple, lemuel_crystal_altar,
          eat_drink_and_be_merry_uskayaw, minmay_temple_entry_poolview,
          vehumet_altar_wand_db

Skill      XL: |  1 |
---------------+----+-----
Stealth        | 5 |  5.1
Short Blades   | |  1.5
Dodging        | |  3.0
Spellcasting   | |  2.6
Hexes          | |  3.6

Action                   || total
-------------------------++-------
Melee: Dagger            ||    15
 Cast: Corona            ||     3
       Ensorcelled Hiber ||     2
 Stab: Sleeping          ||     5
Dodge: Dodged            ||     3

Table legend:
 A = Non-vault XP
 B = Vault XP
 C = Vault XP percentage of total XP
 D = Non-vault monster count
 E = Vault monster count
 F = Vault count percentage of total count
                 A         B        C        D         E       F
            +---------+---------+-------+---------+---------+-------
      Total |      13 |       0 |   0.0 |       8 |       0 |   0.0
            +---------+---------+-------+---------+---------+-------
        D:1 |       6 |       0 |   0.0 |       4 |       0 |   0.0
        D:2 |       2 |       0 |   0.0 |       1 |       0 |   0.0
        D:3 |       5 |       0 |   0.0 |       3 |       0 |   0.0
            +---------+---------+-------+---------+---------+-------
